 Dungeon Crawl Stone Soup version 0.31-a0-188-g5e087ee2ca (webtiles) character file.

Game seed: 4649725908481625843

428 qw the Skirmisher (level 6, 0/35 HPs)
             Began as a Deep Elf Hunter on June 23, 2023.
             Slain by a gnoll sergeant
             ... wielding a +2 spear of freezing
              (2 damage)
             ... on level 5 of the Dungeon.
             The game lasted 00:01:25 (4118 turns).

qw the Skirmisher (Deep Elf Hunter)                 Turns: 4118, Time: 00:01:25

Health: 0/35       AC:  8    Str: 16      XL:     6   Next: 65%
Magic:  8/8        EV: 11    Int: 14      God:
Gold:   38         SH:  0    Dex: 16 (18) Spells: 5/5 levels left

rFire   x . .        Y - +3 shortbow
rCold   + . .        (shield currently unavailable)
rNeg    . . .        k - +3 ring mail of Hedging {rElec rF- SInv}
rPois   .            (no helmet)
rElec   +            (no cloak)
rCorr   .            (no gloves)
SInv    +            (no boots)
Will    .....        (no amulet)
Stlth   +            b - +6 ring of strength
HPRegen 0.25/turn    i - ring of protection from cold
MPRegen 0.11/turn

%: no passive effects
@: no status effects
A: no striking features
a: no special abilities


You were on level 5 of the Dungeon.
You visited 2 branches of the dungeon, and saw 6 of its levels.

You collected 230 gold pieces.
You spent 192 gold pieces at shops.


   Skills:
 - Level 2.0 Fighting
 + Level 10.1 Ranged Weapons
 - Level 3.0 Dodging
 - Level 1.2 Stealth


You had 5 spell levels left.
You didn't know any spells.
Your spell library was empty.

Inventory:

Hand Weapons
 Y - a +3 shortbow (weapon)
Armour
 a - a +0 ring mail
 k - the +3 ring mail of Hedging (worn) {rElec rF- SInv}
   (You found it on level 3 of the Dungeon)

   rF:        It makes you vulnerable to fire.
   rElec:     It insulates you from electricity.
   SInv:      It lets you see invisible.
Jewellery
 b - a +6 ring of strength (left hand)
 h - a ring of see invisible
 i - a ring of protection from cold (right hand)
Scrolls
 c - 4 scrolls of identify
 n - a scroll of revelation {unknown}
Potions
 d - a potion of heal wounds
 e - a potion of might {unknown}
 f - a potion of cancellation
 g - a potion of curing
 j - a potion of berserk rage {unknown}
 l - a potion of haste {unknown}
 m - a potion of attraction {unknown}

Dungeon Overview and Level Annotations

Branches:
Dungeon (5/15)             Temple (1/1) D:4

Altars:
Ashenzari
Fedhas
Ru
Sif Muna
Uskayaw
Wu Jian
Xom
Yredelemnul
Zin

Shops:
D:4 *   D:5 ?


Message History

The hound bites you but does no damage.
You shoot an arrow.
The arrow hits the hound but does no damage.
The hound is heavily wounded.
The hound bites you but does no damage. The hound bites you.
You shoot an arrow. The arrow hits the hound.
The hound is severely wounded.
The hound bites you but does no damage.
You shoot an arrow. The arrow misses the hound.
The hound misses you. The hound bites you.
You shoot an arrow. The arrow barely misses the hound.
The hound bites you.
You shoot an arrow. The arrow hits the hound.
The hound is almost dead.
You hear a shout!
The hound misses you. The hound closely misses you.
You hear a shout!
You shoot an arrow. The arrow hits the hound!
You kill the hound!
The gnoll sergeant hits you from afar with a +2 spear of freezing.
The gnoll sergeant freezes you.
You feel your strength returning.
Your Dodging skill increases to level 3!
You shoot an arrow. The arrow hits the gnoll.
The gnoll is severely wounded.
The gnoll sergeant hits you but does no damage.
The gnoll hits you but does no damage.
You shoot an arrow. The arrow hits the gnoll.
The gnoll is almost dead.
The gnoll sergeant hits you from afar with a +2 spear of freezing.
The gnoll closely misses you.
You shoot an arrow. The arrow hits the gnoll.
You kill the gnoll!
The gnoll sergeant hits you from afar with a +2 spear of freezing!
The gnoll sergeant freezes you.
You shoot an arrow.
The arrow hits the gnoll sergeant but does no damage.
The gnoll sergeant hits you from afar with a +2 spear of freezing!
The gnoll sergeant freezes you.
You die...

###.....................#...#
.....#.................##..##
.....##...[..................
......)..........#.#.####..###
...##..........#.###..####.'..
...#..........#####....#..###
.......<..........#..........
.............................
...........#@..###.#......###
..........###).#####......###
...........#.g.#...........##
.....##................>.....
....# ...~~.~~.....#.........
.... .~..~g~..~..........###
.~~g....~~...........#.
....._....)....#.......
g~~.$...~~...####.#.#..


You could see a gnoll sergeant.

Vanquished Creatures
  A centaur (D:5)
  A scorpion (D:4)
  3 hounds
  2 iguanas
  8 adders
  A gnoll (D:5)
  2 ufetubi
  A dart slug (D:4)
  7 orcs
  3 bats (D:1)
  3 endoplasms
  5 giant cockroaches
  3 goblins
  5 hobgoblins
  4 jackals (D:4)
  3 quokkas
  3 ball pythons
  3 kobolds
  5 rats
63 creatures vanquished.

Notes
Turn   | Place    | Note
-------+----------+-------------------------------------------
     0 | D:1      | qw the Deep Elf Hunter began the quest for the Orb.
     0 | D:1      | Reached XP level 1. HP: 12/12 MP: 3/3
     0 | D:1      | 0 ||| qw: Version: 0.3-a-9-g12657ce
     0 | D:1      | 0 ||| qw: Game counter: 3569
     0 | D:1      | 0 ||| qw: Always use a shield: true
     0 | D:1      | 0 ||| qw: God list: Okawaru
     0 | D:1      | 0 ||| qw: Allow faded altars: false
     0 | D:1      | 0 ||| qw: Do Orc after D:15 true
     0 | D:1      | 0 ||| qw: Do second Lair branch before Depths: true
     0 | D:1      | 0 ||| qw: Lair rune preference: random
     0 | D:1      | 0 ||| qw: Plans: Normal
     0 | D:1      | 0 ||| PLANNING D:1-11
     1 | D:1      | Found a shimmering altar of Xom.
    40 | D:1      | Found a faded altar of an unknown god.
   213 | D:1      | Reached XP level 2. HP: 16/16 MP: 4/4
   246 | D:1      | Reached skill level 6 in Ranged Weapons
   511 | D:1      | 511 ||| READING scroll labelled UNLEZUSATU.
   515 | D:1      | 515 ||| DROPPING scroll of butterflies.
   825 | D:2      | Reached XP level 3. HP: 20/20 MP: 5/5
  1151 | D:2      | 1151 ||| UPGRADING to +0 ring mail.
  1161 | D:2      | 1161 ||| DROPPING +0 leather armour.
  1162 | D:2      | 1162 ||| READING scroll labelled CYISUSTAYCW.
  1178 | D:3      | 1178 ||| STAIRDANCE
  1182 | D:2      | Reached skill level 7 in Ranged Weapons
  1195 | D:3      | Found a broken altar of Ashenzari.
  1339 | D:3      | Found a shimmering blue altar of Sif Muna.
  1527 | D:3      | Found a blossoming altar of Fedhas.
  1602 | D:3      | HP: 4/20 [orc/+0 whip (3)]
  1677 | D:3      | Identified the +3 ring mail of Hedging {rElec rF- SInv}
  1748 | D:3      | Found a glowing silver altar of Zin.
  1749 | D:3      | 1749 ||| UPGRADING to +3 ring mail of Hedging {rElec rF-
                  | SInv}.
  1759 | D:3      | 1759 ||| READING 2 scrolls labelled WYIKHAC COKH.
  1760 | D:3      | 1760 ||| READING scroll of enchant weapon.
  1760 | D:3      | 1760 ||| ENCHANTING +1 shortbow.
  1761 | D:3      | 1761 ||| READING 2 scrolls labelled OLUITI ISICHONT.
  1762 | D:3      | 1762 ||| READING scroll labelled KUREUD TORHAD.
  1763 | D:3      | 1763 ||| DRINKING 2 fuming red potions.
  1784 | D:4      | 1784 ||| READING scroll of enchant weapon.
  1784 | D:4      | 1784 ||| ENCHANTING +2 shortbow.
  1798 | D:4      | Reached XP level 4. HP: 25/25 MP: 6/6
  1828 | D:4      | Noticed a scorpion
  1836 | D:4      | Killed a scorpion
  1837 | D:4      | Reached skill level 8 in Ranged Weapons
  1840 | D:4      | HP: 6/25 [poisoned by a scorpion]
  1840 | D:4      | HP: 2/25 [hound (4)]
  1845 | D:4      | Reached XP level 5. HP: 4/29 MP: 7/7
  2069 | D:4      | Reached skill level 9 in Ranged Weapons
  2162 | D:4      | Found a staircase to the Ecumenical Temple.
  2163 | D:4      | 2163 ||| PLANNING TEMPLE
  2163 | D:4      | 2163 ||| DRINKING 2 gluggy blue potions.
  2164 | D:4      | 2164 ||| READING 3 scrolls of identify.
  2164 | D:4      | 2164 ||| IDENTIFYING silvery potion
  2165 | D:4      | 2165 ||| READING 2 scrolls of identify.
  2165 | D:4      | 2165 ||| IDENTIFYING bubbling silvery potion
  2166 | D:4      | 2166 ||| DROPPING potion of brilliance.
  2167 | D:4      | 2167 ||| DROPPING potion of degeneration.
  2178 | Temple   | Entered the Ecumenical Temple
  2179 | Temple   | 2179 ||| Stepping randomly (stuck).
  2180 | Temple   | 2180 ||| PLANNING D:1-11
  2346 | D:4      | Found a sacrificial altar of Ru.
  2413 | D:4      | Found Xuywov's Assorted Antiques.
  2421 | D:4      | 2421 ||| BUYING brass ring (110 gold).
  2421 | D:4      | Bought a brass ring for 110 gold pieces
  2421 | D:4      | 2421 ||| BUYING clear potion (19 gold).
  2421 | D:4      | Bought a clear potion for 19 gold pieces
  2421 | D:4      | 2421 ||| SHOPLISTING pair of glowing boots (165 gold, have
                  | 51).
  2421 | D:4      | 2421 ||| SHOPLISTING ring of see invisible (330 gold, have
                  | 51).
  2421 | D:4      | 2421 ||| BUYING sedimented coppery potion (19 gold).
  2421 | D:4      | Bought a sedimented coppery potion for 19 gold pieces
  2578 | D:4      | 2578 ||| UPGRADING to +6 ring of strength.
  2579 | D:4      | 2579 ||| UPGRADING to ring of protection from cold.
  2580 | D:4      | 2580 ||| DRINKING 2 green potions.
  2625 | D:5      | Entered Level 5 of the Dungeon
  2625 | D:5      | Noticed a centaur
  2627 | D:5      | 2627 ||| STAIRDANCE
  2634 | D:4      | Reached XP level 6. HP: 14/35 MP: 8/8
  2640 | D:4      | HP: 8/35 [poisoned by an adder]
  2750 | D:5      | 2750 ||| STAIRDANCE
  2820 | D:5      | 2820 ||| STAIRDANCE
  2820 | D:5      | HP: 8/35 [centaur/arrow (12)]
  2927 | D:5      | 2927 ||| STAIRDANCE
  2959 | D:5      | 2959 ||| STAIRDANCE
  3025 | D:5      | 3025 ||| STAIRDANCE
  3062 | D:5      | 3062 ||| STAIRDANCE
  3095 | D:5      | 3095 ||| STAIRDANCE
  3178 | D:5      | 3178 ||| STAIRDANCE
  3249 | D:5      | 3249 ||| STAIRDANCE
  3328 | D:5      | 3328 ||| STAIRDANCE
  3361 | D:5      | 3361 ||| STAIRDANCE
  3406 | D:5      | 3406 ||| STAIRDANCE
  3441 | D:5      | 3441 ||| STAIRDANCE
  3472 | D:5      | 3472 ||| STAIRDANCE
  3543 | D:5      | 3543 ||| STAIRDANCE
  3614 | D:5      | 3614 ||| STAIRDANCE
  3693 | D:5      | 3693 ||| STAIRDANCE
  3740 | D:5      | 3740 ||| STAIRDANCE
  3795 | D:5      | 3795 ||| STAIRDANCE
  3830 | D:5      | HP: 6/35 [centaur/arrow (13)]
  3831 | D:5      | 3831 ||| DRINKING potion of heal wounds.
  3902 | D:5      | Found Denesef's Magic Scroll Emporium.
  3912 | D:5      | 3912 ||| SHOPLISTING scroll of enchant armour (82 gold,
                  | have 56).
  3912 | D:5      | 3912 ||| SHOPLISTING scroll of enchant weapon (82 gold,
                  | have 56).
  3912 | D:5      | 3912 ||| BUYING scroll of identify (22 gold).
  3912 | D:5      | Bought a scroll of identify for 22 gold pieces
  3912 | D:5      | 3912 ||| BUYING scroll of identify (22 gold).
  3912 | D:5      | Bought a scroll of identify for 22 gold pieces
  3912 | D:5      | 3912 ||| SHOPLISTING scroll of identify (22 gold, have 12).
  3991 | D:5      | Reached skill level 10 in Ranged Weapons
  4084 | D:5      | Found an ornate altar of the Wu Jian Council.
  4099 | D:5      | Found a hide-covered altar of Uskayaw.
  4104 | D:5      | 4104 ||| Stepping ~*~*~tactically~*~*~ (outnumbered).
  4106 | D:5      | 4106 ||| Stepping ~*~*~tactically~*~*~ (outnumbered).
  4115 | D:5      | Reached skill level 3 in Dodging
  4118 | D:5      | HP: 2/35 [gnoll sergeant/+2 spear of freezing (10)]
  4118 | D:5      | Slain by a gnoll sergeant

Levels and vault maps discovered:
D:1:      sevenhm_arrival_forest_fort_small_6, layout_rooms,
          shapermc_ecumenical_altar_mp_ritualfount,
          chequers_serial_rivers_small_b, minivault_24, minmay_cupped
D:2:      layout_loops_ring
D:3:      layout_rooms, fedhas_altar_2, marbit_many_paths,
          mainiacjoe_overflow_catwalk, mainiacjoe_overflow_alcove_4,
          minmay_door_square, minmay_misc_feat_rows
D:4:      layout_basic, nicolae_ru_the_path_less_chosen,
          minmay_temple_entry_gardened_gates, serial_shops, shop
D:5:      layout_cave_pools, mainiacjoe_overflow_small_starburst,
          lemuel_crystal_altar, mainiacjoe_overflow_surrounded_room,
          general_overflow_altar, serial_shops, shop, uniq_crazy_yiuf_cottage
Temple:   ebering_the_one_and_only

Skill      XL: |  1  2  3  4  5  6 |
---------------+-------------------+-----
Ranged Weapons | 6 7 8 9 10 | 10.1
Fighting       | 2 |  2.0
Dodging        | 3 |  3.0
Stealth        | |  1.2

Action                     |  1- 3 |  4- 6 || total
---------------------------+-------+-------++-------
   Fire: Shortbow          |   120 |   113 ||   233
    Use: Scroll            |     7 |     2 ||     9
         Potion            |     1 |     3 ||     4
 Armour: Leather armour    |     7 |       ||     7
         Ring mail         |    18 |    30 ||    48
  Dodge: Dodged            |    36 |    57 ||    93

Table legend:
 A = Non-vault XP
 B = Vault XP
 C = Vault XP percentage of total XP
 D = Non-vault monster count
 E = Vault monster count
 F = Vault count percentage of total count
                 A         B        C        D         E       F
            +---------+---------+-------+---------+---------+-------
      Total |     607 |       5 |   0.8 |      60 |       3 |   4.8
            +---------+---------+-------+---------+---------+-------
        D:1 |      14 |       4 |  22.2 |       8 |       2 |  20.0
        D:2 |      45 |       0 |   0.0 |      12 |       0 |   0.0
        D:3 |      26 |       1 |   3.7 |      13 |       1 |   7.1
        D:4 |     306 |       0 |   0.0 |      21 |       0 |   0.0
        D:5 |     216 |       0 |   0.0 |       6 |       0 |   0.0
            +---------+---------+-------+---------+---------+-------
